 Dungeon Crawl Stone Soup version 0.32-a0-540-g866d13106e (webtiles) character file.

Game seed: 12580054334140867809

121 adelrune the Vexing (level 5, -5/38 HPs)
             Began as a Coglin Hexslinger on Feb 28, 2024.
             Killed from afar by Sigmund (7 damage)
             ... with a magic dart
             ... on level 3 of the Dungeon.
             The game lasted 00:07:56 (2513 turns).

adelrune the Vexing (Coglin Hexslinger)             Turns: 2513, Time: 00:07:56

Health: -5/38      AC:  4    Str:  9    XL:     5   Next: 5%
Magic:  7/7        EV: 13    Int: 12    God:
Gold:   67         SH:  0    Dex: 18    Spells: 5/7 levels left

rFire   . . .        a - +1 sling {Jinae}
rCold   . . .        n - +0 sling {Tlaloc}
rNeg    . . .        c - +0 robe
rPois   .            l - +0 helmet
rElec   .            (no cloak)
rCorr   .            d - +0 pair of gloves
SInv    .            (no boots)
Will    .....        (no amulet)
Stlth   +            (ring unavailable)
HPRegen 0.26/turn    (ring unavailable)
MPRegen 0.10/turn

%: no passive effects
@: confused, hasted, very quick
A: off-hand wielding, slow wielding, warmup strikes, no rings
a: no special abilities


You were on level 3 of the Dungeon.
You visited 1 branch of the dungeon, and saw 3 of its levels.

You collected 137 gold pieces.
You spent 70 gold pieces at shops.

Inventory:

Hand Weapons
 a - a +1 sling (weapon) {Jinae}
 n - a +0 sling (offhand) {Tlaloc}
Armour
 c - a +0 robe (worn)
 d - a +0 pair of gloves (worn)
 l - a +0 helmet (worn)
Scrolls
 b - 2 scrolls of poison
 e - a scroll of immolation {unknown}
 f - a scroll of fear {unknown}
 g - 2 scrolls of revelation {unknown}
 i - 3 scrolls of teleportation
 k - a scroll of noise
 m - 2 scrolls of vulnerability {unknown}
Potions
 j - a potion of enlightenment


   Skills:
 + Level 2.1 Fighting
 + Level 2.4 Ranged Weapons
 + Level 2.4 Dodging
 + Level 1.6 Spellcasting
 + Level 3.1 Hexes
 + Level 1.8 Fire Magic


You had 5 spell levels left.
You knew the following spells:

 Your Spells              Type           Power      Damage    Failure   Level
a - Jinxbite              Hex            16%        N/A       12%         2

Your spell library contained the following spells:

 Spells                   Type           Power      Damage    Failure   Level
 Confusing Touch          Hex            8%         N/A       22%         3
 Sigil of Binding         Hex            8%         N/A       22%         3
 Kiss of Death            Conj/Necr      0%         2d5       28%         1
 Shock                    Conj/Air       0%         1d3       28%         1
 Inner Flame              Hex/Fire       6%         N/A       30%         3
 Cause Fear               Hex            4%         N/A       58%         4
 Swiftness                Air            0%         N/A       65%         3
 Dimensional Bullseye     Hex/Tloc       2%         N/A       82%         4
 Airstrike                Air            0%         2d(0-16)  96%         4
 Dispel Undead            Necr           0%         3d6       96%         4
 Yara's Violent Unravell  Hex/Alch       2%         3d3       99%         5
 Enfeeble                 Hex            4%         N/A       100%        7


Dungeon Overview and Level Annotations

Branches:
Dungeon (3/15)

Altars:

Shops:
D:3 [[?

Annotations:
D:3 Sigmund


Innate Abilities, Weirdness & Mutations

You can wield a second weapon in your off-hand.
It takes a long time for you to wield or remove held weapons.
Your first few attacks do less damage.
Your grasper-arms cannot wear rings.


Message History

You shoot a sling bullet. x2
Something hits you!
You feel much better.
Okay, then.
Fire: a) +1 sling {Jinae}
Press: ? - help, Q - select action, (/) - cycle Shift-Dir - straight line You shoot a sling bullet. x2
Something completely misses you.
Fire: a) +1 sling {Jinae}
Press: ? - help, Q - select action, (/) - cycle Shift-Dir - straight line You shoot a sling bullet. x2
Something hits you.
Fire: a) +1 sling {Jinae}
Press: ? - help, Q - select action, (/) - cycle Shift-Dir - straight line You shoot a sling bullet. x2
You hear some strange, mumbled words.
A puff of flame appears from out of thin air!
The puff of flame hits you!
You feel much better. Something hits you!
Fire: a) +1 sling {Jinae}
Press: ? - help, Q - select action, (/) - cycle Shift-Dir - straight line You shoot a sling bullet. x2
Something hits you!
Fire: a) +1 sling {Jinae}
Press: ? - help, Q - select action, (/) - cycle Shift-Dir - straight line You shoot a sling bullet. x2
Something hits you!
You feel your willpower return.
You are confused.
Something hits you!
* * * LOW HITPOINT WARNING * * *
You feel yourself speed up. Something hits you.
* * * LOW HITPOINT WARNING * * *
You bump into the rock wall.
You bump into the rock wall.
Something hits you.
* * * LOW HITPOINT WARNING * * *
You're too confused to move!
A magic dart appears from out of thin air!
The magic dart hits you!
You die...

#.#########.# #.# .#........#(#
#.# #.#######.#.# #.# .#.#
#.#.# #.# #.## #.#.# #.#
.#.######.#.# #.#
#+#.......#.##### #.#
...########.....#######.# ...#
#.....@..{....# ...#
#.....######### ...# #######
...# ...## +#..#
#.#.###########################
................#.............#
...~.~.########.#)###########.#


There were no monsters in sight!

Vanquished Creatures
  Natasha (D:2)
  Robin (D:2)
  2 adders
  3 dart slugs
  A ribbon worm (D:3)
  9 endoplasms
  3 giant cockroaches
  11 goblins
  7 hobgoblins
  2 kobolds
  3 ball pythons
  5 bats
  3 frilled lizards
  5 rats
56 creatures vanquished.

Notes
Turn   | Place    | Note
-------+----------+-------------------------------------------
     0 | D:1      | adelrune the Coglin Hexslinger began the quest for the Orb.
     0 | D:1      | Reached XP level 1. HP: 15/15 MP: 2/2
    33 | D:1      | Reached skill level 1 in Fire Magic
    40 | D:1      | Reached XP level 2. HP: 11/21 MP: 3/3
   261 | D:1      | Learned a level 2 spell: Jinxbite
   445 | D:1      | Found a faded altar of an unknown god.
   615 | D:1      | Reached XP level 3. HP: 26/26 MP: 4/4
   862 | D:2      | Noticed Robin
   872 | D:2      | Killed Robin
  1196 | D:2      | Reached skill level 3 in Hexes
  1196 | D:2      | Reached XP level 4. HP: 11/33 MP: 1/6
  1319 | D:2      | Noticed Natasha
  1329 | D:2      | Killed Natasha
  1898 | D:3      | Found Daasusin's Magic Scroll Shoppe.
  1906 | D:3      | Bought a scroll of teleportation for 42 gold pieces
  1906 | D:3      | Bought a scroll of identify for 28 gold pieces
  2140 | D:3      | Noticed an animated gold dragon scales
  2142 | D:3      | Found Lylosor's Armour Shoppe.
  2148 | D:3      | Noticed an animated plate armour
  2153 | D:3      | Found Viog's Armour Shop.
  2185 | D:3      | Reached XP level 5. HP: 38/38 MP: 7/7
  2481 | D:3      | Noticed Sigmund
  2513 | D:3      | Killed from afar by Sigmund

Illustrated notes

Levels and vault maps discovered:
D:1:      tarquinn_simple_flora_water_e, layout_loops_ring,
          ebering_ecumenical_altar_rust
D:2:      layout_basic, minmay_misc_feat_hallway, moated_statue,
          grunt_ministairs_8, minmay_misc_feat_enclosed, corner_web_ring,
          st_stairs_2, minivault_11, uniq_robin, uniq_natasha
D:3:      layout_basic, serial_shops, shop, nicolae_shop_mannequins, shop,
          dk_vineyard_3, reono_crystal_passage, uniq_sigmund

Skill      XL: |  1  2  3  4 |
---------------+-------------+-----
Fire Magic     | 1 |  1.8
Ranged Weapons | 2 |  2.4
Dodging        | 2 |  2.4
Hexes          | 3 |  3.1
Fighting       | 2 |  2.1
Spellcasting   | |  1.6

Action                     |  1- 3 |  4- 6 || total
---------------------------+-------+-------++-------
   Fire: Sling             |   101 |    89 ||   190
   Cast: Jinxbite          |     5 |     7 ||    12
    Use: Scroll            |       |     4 ||     4
         Potion            |       |     3 ||     3
 Armour: Robe              |    33 |    18 ||    51
  Dodge: Dodged            |    36 |    10 ||    46

Table legend: (Time is in decaauts)
 A = Elapsed time spent in this place.
 B = Non-inter-level travel time spent in this place.
 C = Inter-level travel time spent in this place.
 D = Time resting spent in this place.
 E = Time spent auto-exploring this place.
 F = Levels seen in this place.
 G = Mean time per level.
                   A        B        C        D        E       F      G
               +--------+--------+--------+--------+--------+-----+--------+
         Total |   2569 |   2486 |     83 |    130 |   1913 |   3 |  856.3 |
       Dungeon |   2569 |   2486 |     83 |    130 |   1913 |   3 |  856.3 |
               +--------+--------+--------+--------+--------+-----+--------+

Top non-repeatable levels by time:
     D:2: 896 daAuts
     D:3: 851 daAuts
     D:1: 820 daAuts
